 Dungeon Sprint DCSS version 0.17.2-1-ge4368a0 (webtiles) character file.

3780 hexophile the Brawler (level 9, -7/99 HPs)
             Began as a Troll Monk on Oct 15, 2016.
             Was an Elder of Ru.
             Mangled by a komodo dragon (23 damage)
             ... in the Dungeon (Sprint IX: "|||||||||||||||||||||||||||||").
             The game lasted 00:05:09 (1021 turns).

hexophile the Brawler (Troll Monk)                  Turns: 1021, Time: 00:05:09

Health: -7/99      AC:  6    Str: 24    XL:     9   Next: 95%
Magic:  4/8        EV:  9    Int:  6    God:    Ru [****..]
Gold:   0          SH:  0    Dex: 12    Spells: 0 memorised, 8 levels left

rFire  . . .     SeeInvis .       - Unarmed
rCold  . . .     Clarity  .     a - +0 robe
rNeg   . . .     SustAt   .     (no shield)
rPois  .         Gourm    +     (helmet restricted)
rElec  .         Spirit   .     l - +0 cloak
rCorr  .         Warding  .     (gloves unavailable)
rMut   .         NoTele   +     (boots unavailable)
MR     .....                    (no amulet)
Stlth  +.........               (no ring)
                                j - +2 ring of evasion

@: lethally poisoned (-7 -> -8), exhausted, not resistant to hostile
enchantments, very unstealthy
A: unfitting armour, claws 3, fast metabolism 3, frail 1, gourmand, regeneration
2, shaggy fur 1, tough skin 2, inability to use devices, slow reflexes 1
a: Draw Out Power, Power Leap, Renounce Religion


You were in the Dungeon.
You worshipped Ru.
Ru was greatly pleased with you.
You were not hungry.

You visited 1 branch


Innate Abilities, Weirdness & Mutations

You are too large for most types of armour.
You have claws for hands.
Your metabolism is lightning-fast.
You are frail (-10% HP).
You like to eat raw meat.
You heal very quickly.
You are covered in fur (AC +1).
You have very tough skin (AC +2).
You cannot study or use magical devices.
You have somewhat slow reflexes. (-3 EV)

Inventory:

Armour
 a - a +0 robe (worn)
 l - a +0 cloak (worn)
Jewellery
 j - a +2 ring of evasion (left claw)
Scrolls
 h - 3 scrolls of blinking
 i - 4 scrolls of remove curse
 o - a scroll of fear
 p - a scroll of fog
Potions
 b - a potion of invisibility
 c - 6 potions of curing
 d - 2 potions of heal wounds
 e - a potion of haste
 f - 4 potions of magic
 g - a potion of cure mutation {!q}
 m - a potion of brilliance {Archmagi Int+5 Wiz++}
 n - a potion of berserk rage
Comestibles
 r - 2 bread rations


You had 8 spell levels left.
You didn't know any spells.


   Skills:
 + Level 13.2 Fighting
 + Level 5.7 Throwing
 - Level 2.4 Dodging
 - Level 1.1 Stealth
 + Level 15.5 Unarmed Combat

Dungeon Overview and Level Annotations

Branches:
Dungeon (1/1)

Altars:
Cheibriados
Dithmenos
Elyvilon
Fedhas
Gozag
Kikubaaqudgha
Makhleb
Nemelex Xobeh
Okawaru
Qazlal
Ru
Sif Muna
Trog
Vehumet
Xom
Yredelemnul
Zin
The Shining One
Beogh
Jiyva
Lugonu

Vault maps used:
D:        linesprint
You       could see a komodo dragon, a blink frog and a water moccasin.


Message History

The yak is stunned by your will and fails to attack.
The komodo dragon bites you!
* * * LOW HITPOINT WARNING * * *
You lost 10 HP.
You have now: 21/99 HP.
You claw the yak!
You kill the yak!
The blink frog begins to attack, but is stunned by your will!
Unknown command.
You closely miss the komodo dragon.
You claw the komodo dragon, but do no damage.
The komodo dragon is heavily wounded.
You feel sick.
The komodo dragon is stunned by your will and fails to attack.
You lost 1 HP.
You have now: 21/99 HP.
You barely miss the komodo dragon.
The komodo dragon is heavily wounded.
The blink frog blinks!
The komodo dragon is stunned by your will and fails to attack.
Unknown command.
You scratch the komodo dragon but do no damage.
The komodo dragon is heavily wounded.
You feel sick. The komodo dragon bites you!
* * * LOW HITPOINT WARNING * * *
You lost 14 HP.
You have now: 7/99 HP.
Unknown command.
You're too exhausted to draw out your power.
Eat which item? (? for menu, Esc to quit)
Okay, then.
Read which item? (? for menu, Esc to quit)
Okay, then.
Drink which item? (? for menu, Esc to quit)
You feel much better. The komodo dragon bites you!!
* * * LOW HITPOINT WARNING * * *
You lost 2 HP.
You have now: 5/99 HP.
Okay, then.
Drink which item? (? for menu, Esc to quit)
You feel much better.
You feel sick.
You redirect the komodo dragon's attack!
The komodo dragon bites the water moccasin.
You redirect the blink frog's attack!
Restored 22 HP.
You have now: 27/99 HP.
You closely miss the komodo dragon.
The komodo dragon is heavily wounded.
The komodo dragon bites you!
* * * LOW HITPOINT WARNING * * *
You lost 11 HP.
You have now: 16/99 HP.
You mangle the komodo dragon!!
The komodo dragon is severely wounded.
The komodo dragon bites you!!
You die...

Action                   |  1- 3 |  4- 6 |  7- 9 || total
-------------------------+-------+-------+-------++-------
Melee: Unarmed           |    16 |    26 |    71 ||   113
Throw: Large rock        |       |       |     3 ||     3
Invok: Sacrifice Artific |       |     1 |       ||     1
       Sacrifice Health  |       |       |     2 ||     2
       Power Leap        |       |       |     1 ||     1
  Use: Potion            |       |     2 |     3 ||     5
 Stab: Invisible         |       |       |     1 ||     1
  Eat: Chunk             |       |     7 |     4 ||    11

Notes
Turn   | Place    | Note
--------------------------------------------------------------
     0 | D        | hexophile the Troll Monk began the quest for the Orb.
     0 | D        | Reached XP level 1. HP: 22/22 MP: 0/0
    11 | D        | Reached skill level 3 in Fighting
    18 | D        | Noticed an ice beast
    18 | D        | Noticed a hound
    23 | D        | Reached skill level 5 in Unarmed Combat
    23 | D        | Reached XP level 2. HP: 26/32 MP: 1/1
    27 | D        | Killed an ice beast
    27 | D        | Reached skill level 6 in Fighting
    27 | D        | Reached skill level 7 in Unarmed Combat
    27 | D        | Reached XP level 3. HP: 19/44 MP: 2/2
    27 | D        | Reached XP level 4. HP: 22/52 MP: 3/3
    34 | D        | Killed a hound
    34 | D        | Reached skill level 8 in Unarmed Combat
    34 | D        | Reached XP level 5. HP: 13/61 MP: 4/4
   122 | D        | Found a glowing silver altar of Zin.
   122 | D        | Found a glowing golden altar of the Shining One.
   122 | D        | Found an ancient bone altar of Kikubaaqudgha.
   122 | D        | Found a basalt altar of Yredelemnul.
   122 | D        | Found a shimmering altar of Xom.
   122 | D        | Found a radiant altar of Vehumet.
   123 | D        | Found an iron altar of Okawaru.
   124 | D        | Found a burning altar of Makhleb.
   125 | D        | Found a deep blue altar of Sif Muna.
   126 | D        | Found a bloodstained altar of Trog.
   127 | D        | Found a sparkling altar of Nemelex Xobeh.
   128 | D        | Found a white marble altar of Elyvilon.
   129 | D        | Found a roughly hewn altar of Beogh.
   130 | D        | Found a viscous altar of Jiyva.
   131 | D        | Found a corrupted altar of Lugonu.
   132 | D        | Found a blossoming altar of Fedhas.
   133 | D        | Found a snail-covered altar of Cheibriados.
   134 | D        | Found a shadowy altar of Dithmenos.
   135 | D        | Found a stormy altar of Qazlal.
   136 | D        | Found an opulent altar of Gozag.
   137 | D        | Found a sacrificial altar of Ru.
   145 | D        | Became a worshipper of Ru the Awakened
   155 | D        | Got the +2 halberd of the Sea {speed, rPois rN+ Dex-3}
   158 | D        | Gained mutation: You cannot study or use magical devices. [Ru sacrifice]
   158 | D        | Reached * piety under Ru
   158 | D        | Reached ** piety under Ru
   158 | D        | Reached *** piety under Ru
   174 | D        | Noticed a hound
   174 | D        | Noticed an ogre
   174 | D        | Noticed an ogre
   174 | D        | Noticed a giant frog
   174 | D        | Noticed a jelly
   174 | D        | Noticed a centaur
   178 | D        | Killed a hound
   178 | D        | Reached skill level 7 in Fighting
   187 | D        | Killed an ogre
   187 | D        | Reached skill level 9 in Unarmed Combat
   191 | D        | Killed an ogre
   191 | D        | Reached skill level 8 in Fighting
   191 | D        | Reached skill level 10 in Unarmed Combat
   191 | D        | Reached XP level 6. HP: 60/74 MP: 5/5
   193 | D        | Killed a giant frog
   195 | D        | Killed a jelly
   197 | D        | Killed a centaur
   197 | D        | Reached skill level 9 in Fighting
   197 | D        | Reached skill level 11 in Unarmed Combat
   259 | D        | Noticed a vampire mosquito
   259 | D        | Noticed a scorpion
   259 | D        | Noticed a cyclops
   259 | D        | Noticed a giant frog
   259 | D        | Noticed a deep elf mage
   259 | D        | Noticed a slime creature
   261 | D        | Killed a vampire mosquito
   261 | D        | Reached XP level 7. HP: 81/83 MP: 6/6
   265 | D        | Killed a scorpion
   269 | D        | Killed a cyclops
   269 | D        | Reached skill level 10 in Fighting
   269 | D        | Reached skill level 12 in Unarmed Combat
   274 | D        | Killed a giant frog
   274 | D        | Reached XP level 8. HP: 35/96 MP: 7/7
   276 | D        | Killed a deep elf mage
   276 | D        | Reached skill level 11 in Fighting
   276 | D        | Reached skill level 13 in Unarmed Combat
   281 | D        | Killed a slime creature
   407 | D        | Gained mutation: You are frail (-10% HP). [Ru sacrifice]
   527 | D        | Noticed a komodo dragon
   527 | D        | Noticed an iguana
   527 | D        | Noticed an iguana
   527 | D        | Noticed a spiny frog
   527 | D        | Noticed a yak
   534 | D        | Killed a komodo dragon
   535 | D        | Noticed a porcupine
   538 | D        | Killed an iguana
   539 | D        | Killed an iguana
   540 | D        | Noticed an iguana
   542 | D        | Noticed an eight-headed hydra
   545 | D        | Killed a spiny frog
   545 | D        | Reached skill level 12 in Fighting
   545 | D        | Reached skill level 14 in Unarmed Combat
   545 | D        | Reached XP level 9. HP: 53/95 MP: 8/8
   616 | D        | Killed a yak
   940 | D        | Killed a ten-headed hydra
   940 | D        | Reached skill level 3 in Throwing
   940 | D        | Reached skill level 15 in Unarmed Combat
   942 | D        | Killed a porcupine
   942 | D        | Reached skill level 4 in Throwing
   973 | D        | Killed an iguana
   988 | D        | Noticed a yak
   988 | D        | Noticed a blink frog
   988 | D        | Noticed a water moccasin
   988 | D        | Noticed a porcupine
   988 | D        | Noticed a spiny frog
   988 | D        | Noticed a porcupine
   990 | D        | Killed a yak
   991 | D        | Noticed a water moccasin
   992 | D        | Noticed a komodo dragon
   995 | D        | Killed a water moccasin
   996 | D        | Killed a porcupine
  1001 | D        | Killed a spiny frog
  1001 | D        | Reached skill level 13 in Fighting
  1001 | D        | Reached skill level 5 in Throwing
  1002 | D        | Noticed a yak
  1005 | D        | Killed a porcupine
  1007 | D        | Gained mutation: You have somewhat slow reflexes. (-3 EV) [Ru sacrifice]
  1007 | D        | Reached **** piety under Ru
  1014 | D        | Killed a yak
  1021 | D        | Mangled by a komodo dragon

Table legend:
 A = Turns spent in this place as a percentage of turns spent in the entire game.
 B = Non-inter-level travel turns spent in this place as a percentage of non-inter-level travel turns spent in the entire game.
 C = Inter-level travel turns spent in this place as a percentage of turns spent in this place.
 D = Turns resting spent in this place as a percentage of non-inter-level travel turns spent in this place.
 E = Turns spent auto-exploring this place as a percentage of non-inter-level travel turns spent in this place.
 F = Non-inter-level travel turns spent in this place divided by the number of levels of this place that you've seen.
                   A       B       C       D       E      F
               +-------+-------+-------+-------+-------+----------------------
         Total | 100.0 | 100.0 |   0.0 |   5.3 |   0.2 | 415.0
       Dungeon | 100.0 | 100.0 |   0.0 |   5.3 |   0.2 | 415.0
               +-------+-------+-------+-------+-------+----------------------

Table legend:
 A = Kills in this place as a percentage of kills in entire the game.
 B = Kills by you in this place as a percentage of kills by you in the entire game.
 C = Kills by friends in this place as a percentage of kills by friends in the entire game.
 D = Other kills in this place as a percentage of other kills in the entire game.
 E = Experience gained in this place as a percentage of experience gained in the entire game.
 F = Experience gained in this place divided by the number of levels of this place that you have seen.
                   A       B       C       D       E      F
               +-------+-------+-------+-------+-------+----------------------
         Total | 100.0 | 100.0 |  -nan |  -nan | 100.0 | 5400.0
       Dungeon | 100.0 | 100.0 |  -nan |  -nan | 100.0 | 5400.0
               +-------+-------+-------+-------+-------+----------------------

Vanquished Creatures
  A hydra (D)
  A cyclops (D)
  2 spiny frogs (D)
  A komodo dragon (D)
  A slime creature (D)
  A deep elf mage (D)
  3 yaks (D)
  3 porcupines (D)
  A vampire mosquito (D)
  An ice beast (D)
  A water moccasin (D)
  A centaur (D)
  2 ogres (D)
  2 giant frogs (D)
  A scorpion (D)
  2 hounds (D)
  A jelly (D)
  3 iguanas (D)
  2 adders (D)
  A river rat (D)
  2 kobolds (D)
  A quokka (D)
  A bat (D)
  2 rats (D)
37 creatures vanquished.
